 Dungeon Crawl Stone Soup version 0.23-a0-639-ga9a3373 (console) character file.

29 Duffy the Firebug (level 3, -2/24 HPs)
             Began as a Demonspawn Fire Elementalist on Dec 29, 2018.
             Engulfed by a cloud of steam (3 damage)
             ... on level 2 of the Dungeon.
             The game lasted 00:00:41 (283 turns).

Duffy the Firebug (Demonspawn Fire Elementalist)     Turns: 283, Time: 00:00:42

Health: -2/24      AC:  3    Str:  8    XL:     3   Next: 1%
Magic:  0/6        EV: 12    Int: 17    God:
Gold:   0          SH:  0    Dex: 13    Spells: 5/6 levels left

rFire    . . .     SeeInvis .   (no weapon)
rCold    . . .     Gourm    .   (no shield)
rNeg     . . .     Faith    .   a - +0 robe
rPois    .         Spirit   .   (no helmet)
rElec    .         Reflect  .   (no cloak)
rCorr    .         Harm     .   (no gloves)
MR       .....                  (no boots)
Stlth    +.........             (no amulet)
HPRegen  0.08/turn              (no ring)
MPRegen  0.10/turn              (no ring)

@: lethally poisoned (-2 -> -7), very slow
A: claws 1, rugged brown scales 1
a: no special abilities


You were on level 2 of the Dungeon.
You were not hungry.

You visited 1 branch of the dungeon, and saw 2 of its levels.

Inventory:

Armour
 a - a +0 robe (worn)
Scrolls
 b - a scroll of identify {unknown}
 e - a scroll of remove curse {unknown}
Comestibles
 c - a ration


   Skills:
 - Level 1.7 Dodging
 - Level 1.7 Stealth
 + Level 2.4 Spellcasting
 + Level 1.9 Conjurations
 + Level 3.1 Fire Magic


You had 5 spell levels left.
You knew the following spells:

 Your Spells              Type           Power        Failure   Level  Hunger
h - Flame Tongue          Conj/Fire      ##...        7%          1    #......

Your spell library contained the following spells:

 Spells                   Type           Power        Failure   Level  Hunger
 Throw Flame              Conj/Fire      ##....       10%         2    ##.....
 Conjure Flame            Conj/Fire      ##......     21%         3    ###....
 Inner Flame              Hex/Fire       #.......     28%         3    ###....
 Sticky Flame             Conj/Fire      ##......     54%         4    #####..
 Fireball                 Conj/Fire      ##........   88%         5    ######.


Dungeon Overview and Level Annotations

Branches:
Dungeon (2/15)

Altars:
Sif Muna


Innate Abilities, Weirdness & Mutations

You have sharp fingernails.
You are partially covered in rugged brown scales. (AC +1, +3% HP)


Message History

You are engulfed in a cloud of scalding steam.
The adder is engulfed in a cloud of scalding steam.
You kill the adder!
All of the chunks of flesh in your inventory have rotted away.
You aren't carrying any potions.
Casting: Flame Tongue (safe; 7% risk of failure)
Confirm with . or Enter, or press ? or * to list all spells.
Aiming: Flame Tongue (safe; 7% risk of failure)
Press: ? - help, Shift-Dir - straight line, f - kobold
Aim: a kobold, wielding a +0 short sword The flame tongue hits the kobold.
You kill the kobold!
You hear a splash. x2
You have reached level 3!
Your experience leads to an increase in your attributes!
Increase (S)trength, (I)ntelligence, or (D)exterity?
You feel clever.
Your demonic ancestry asserts itself...
Your fingernails lengthen.
You are engulfed in a cloud of scalding steam.
You die...

#. . . ######### #
.##~~~~~##
########.#~~~~~~~#
S....#...#~~...~~#
.r.#.#...#~~._.~~#
##S..K...#~~.K.~~#
####S...#~~~.0%@#
##....##~~r00##
##......###'###
#.r########.##
#......#..K..##
###........r....##
.................#
.................#
.................#


You could see a kobold and a rat.

Vanquished Creatures
  2 adders (D:2)
  A worm (D:2)
  A giant cockroach (D:2)
  2 hobgoblins
  2 kobolds (D:2)
  A rat (D:2)
9 creatures vanquished.

Notes
Turn   | Place    | Note
-------+----------+-------------------------------------------
     0 | D:1      | Duffy the Demonspawn Fire Elementalist began the quest for
                  | the Orb.
     0 | D:1      | Reached XP level 1. HP: 13/13 MP: 3/3
    46 | D:2      | Found a deep blue altar of Sif Muna.
   249 | D:2      | Gained mutation: You are partially covered in rugged brown
                  | scales. (AC +1, +3% HP) [demonic ancestry]
   249 | D:2      | Reached XP level 2. HP: 13/19 MP: 1/5
   282 | D:2      | Reached skill level 3 in Fire Magic
   283 | D:2      | Gained mutation: You have sharp fingernails. [demonic
                  | ancestry]
   283 | D:2      | Reached XP level 3. HP: 1/24 MP: 0/6
   283 | D:2      | Engulfed by a cloud of steam

Vault maps used:
D:1:      dpeg_arrival_simpleton_c
D:2:      led_sif_pool

Skill      XL: |  1  2 |
---------------+-------+-----
Fire Magic     | 3 |  3.1
Dodging        | |  1.7
Stealth        | |  1.7
Spellcasting   | |  2.4
Conjurations   | |  1.9

Action                   || total
-------------------------++-------
Melee: Unarmed           ||     1
 Cast: Flame Tongue      ||    12
Armor: Robe              ||     6
Dodge: Dodged            ||    14

Table legend:
 A = Non-vault XP
 B = Vault XP
 C = Vault XP percentage of total XP
 D = Non-vault monster count
 E = Vault monster count
 F = Vault count percentage of total count
                 A         B        C        D         E       F
            +---------+---------+-------+---------+---------+-------
      Total |      42 |       0 |   0.0 |       9 |       0 |   0.0
            +---------+---------+-------+---------+---------+-------
        D:1 |       2 |       0 |   0.0 |       1 |       0 |   0.0
        D:2 |      40 |       0 |   0.0 |       8 |       0 |   0.0
            +---------+---------+-------+---------+---------+-------
